 Dungeon Crawl Stone Soup version 0.30-a0-377-g5cb311bc9f (webtiles) character file.

Game seed: 8546780539277381222

43998 tkbsonic5 the Nimble (level 14, -4/154 HPs)
             Began as a Djinni Fire Elementalist on Aug 20, 2022.
             Was a High Priest of Makhleb.
             Slain by a skeletal warrior
             ... wielding a +0 mace
              (19 damage)
             ... on level 12 of the Dungeon on Dec 18, 2022.
             The game lasted 02:24:30 (19204 turns).

tkbsonic5 the Nimble (Djinni Fire Elementalist)    Turns: 19204, Time: 02:24:31

Health: -4/154     AC: 13    Str:  6    XL:     14   Next: 63%
Gold:   610        EV: 15    Int: 20    God:    Makhleb [*****.] SH:  0 Dex: 19

rFire   + + +      SeeInvis .    g - +1 scimitar (flame)
rCold   x x .      Faith    .    (no shield)
rNeg    . . .      Spirit   .    A - +3 ring mail
rPois   ∞          Reflect  .    (no helmet)
rElec   .          Harm     .    C - +0 cloak
rCorr   .          Rampage  .    p - +2 pair of gloves
Will    +....                    (boots unavailable)
Stlth   ..........               (no amulet)
HPRegen 0.45/turn                y - ring of wizardry
MPRegen 0.00/turn                K - ring of fire

@: mighty, berserking (expiring), flying, hasted, very quick
A: sickness immunity, fire resistance 2, cold vulnerability 1, float, innate
caster, HP casting, extra vitality 1, agile 1, wild magic 1
a: Renounce Religion, Minor Destruction, Lesser Servant of Makhleb, Major
Destruction, Greater Servant of Makhleb


You were on level 12 of the Dungeon.
You worshipped Makhleb.
Makhleb was extremely pleased with you.
You visited 2 branches of the dungeon, and saw 17 of its levels.

You collected 991 gold pieces.
You spent 381 gold pieces at shops.

Inventory:

Hand Weapons
 c - a +1 quarterstaff of draining
 g - a +1 scimitar of flaming (weapon)
 i - a +1 hand axe of freezing
 G - a +0 halberd of flaming
 R - a +0 shortbow
Missiles
 d - 6 javelins
 J - 4 poisoned darts
Armour
 b - a +2 leather armour of cold resistance
 e - a +0 scale mail
 p - a +2 pair of gloves (worn)
 v - +0 steam dragon scales
 A - a +3 ring mail (worn)
 C - a +0 cloak (worn)
 D - a +2 robe of willpower
 H - +1 acid dragon scales
Magical Staves
 L - a staff of cold
Jewellery
 a - an amulet of the acrobat
 y - a ring of wizardry (left hand)
 B - a ring of ice
 I - a +6 ring of dexterity
 K - a ring of fire (right hand)
 O - a ring of wizardry
Wands
 f - a wand of flame (8)
 q - a wand of digging (4)
 S - a wand of polymorph (11)
Scrolls
 h - 2 scrolls of poison
 o - 2 scrolls of immolation
 r - a scroll of identify
 t - a scroll of magic mapping
Potions
 j - 3 potions of berserk rage
 l - a potion of lignification
 n - a potion of haste
 s - a potion of curing
 w - 2 potions of brilliance
Miscellaneous
 m - a piece from Xom's chessboard (14/15)


   Skills:
 * Level 10.4 Fighting
 + Level 4.6 Long Blades
 - Level 4.2 Ranged Weapons
 - Level 3.0 Throwing
 + Level 5.0 Armour
 * Level 12.0 Dodging
 + Level 4.3 Stealth
 * Level 10.1 Spellcasting
 + Level 8.2 Invocations
 + Level 6.6 Evocations


You had 6 spell levels left.
You knew the following spells:

 Your Spells              Type           Power      Damage    Failure   Level
a - Foxfire               Conj/Fire      100%       2x1d9     1%          1
b - Scorch                Fire           100%       2d10      1%          2
c - Sticky Flame          Conj/Fire      78%        2d9       2%          4
d - Inner Flame           Hex/Fire       78%        N/A       1%          3
e - Flame Wave            Conj/Fire      78%        2d17      2%          4
f - Apportation           Tloc           100%       N/A       1%          1
g - Searing Ray           Conj           100%       2d8       1%          2
h - Passwall              Tmut/Erth      50%        N/A       1%          2
i - Ignite Poison         Fire/Tmut/Pois 78%        N/A       1%          3
j - Sticky Flame          Conj/Fire      78%        2d9       2%          4
k - Fireball              Conj/Fire      39%        3d16      6%          5
Your spell library was empty.

Dungeon Overview and Level Annotations

Branches:
Dungeon (12/15)            Temple (0/1) D:7            Lair (5/5) D:11
  Snake (0/4) Lair:3        Slime (0/5) Lair:4          Orc (0/2) D:11
  Swamp: Lair:2-3    Shoals: Lair:2-3

Altars:
Cheibriados
Makhleb
Jiyva

Shops:
D:4 ?   D:7 [   D:8 *


Innate Abilities, Weirdness & Mutations

You are immune to sickness and miasma.
You are immune to poison.
Your flesh is very heat resistant. (rF++)
You are vulnerable to cold. (rC-)
You float through the air rather than walking.
You learn spells naturally, not from books.
Your magical power is your life essence.
You have superior vitality. (+4 MHP)
You are agile. (Dex +4, Str/Int -1)
Your spells are a little harder to cast, but a little more powerful.


Message History

The skeletal warrior is moderately damaged.
Your hellwing hits the skeletal warrior but does no damage.
Your hellwing hits the skeletal warrior.
You barely miss the skeletal warrior.
The skeletal warrior is moderately damaged.
The skeletal warrior hits you from afar with a +0 halberd!
The skeletal warrior hits you with a +0 mace!
The skeletal warrior hits your hellwing with a +0 short sword of venom!!
Your hellwing dies!
Your hellwing disappears in a puff of smoke!
You closely miss the skeletal warrior.
The skeletal warrior is moderately damaged.
The skeletal warrior barely misses you.
The skeletal warrior hits you from afar with a +0 halberd!!
Unknown command.
You slash the skeletal warrior! You burn the skeletal warrior.
The skeletal warrior is heavily damaged.
The skeletal warrior hits you with a +0 mace!
The skeletal warrior barely misses you.
You slash the skeletal warrior! You burn the skeletal warrior.
The skeletal warrior is severely damaged.
You hit the skeletal warrior. You burn the skeletal warrior.
The skeletal warrior is severely damaged.
The skeletal warrior hits you but does no damage.
The skeletal warrior hits you from afar with a +0 halberd!
The skeletal warrior hits you with a +0 mace!!
You closely miss the skeletal warrior.
The skeletal warrior is severely damaged.
The skeletal warrior hits you from afar with a +0 halberd.
* * * LOW HITPOINT WARNING * * *
The skeletal warrior hits you with a +0 mace!
* * * LOW HITPOINT WARNING * * *
The skeletal warrior closely misses you.
You are too berserk!
You barely miss the skeletal warrior.
The skeletal warrior is severely damaged.
The skeletal warrior hits you from afar with a +0 halberd!
* * * LOW HITPOINT WARNING * * *
The skeletal warrior hits you with a +0 mace!!
You die...

#.....# ####.....#
..##.....# .. ..##.....# #.
... ........<# #[# ....
.........# #.###########....
.........# #.##.....".......
.........# #.##.z).......#
.........# #.##.@.z......###
.......#####'##.z...........
.......#...........##'######
.......#.:.........# .#
..... #.(.........# .# ...>.
#...........# .. .....
#..)...†....# .. .....
#.....†.....# ..#
######.#####.####### .>#


You could see 3 skeletal warriors.

Vanquished Creatures
  3 hydras
  A catoblepas (Lair:3)
  Erica (Lair:1)
  2 boulder beetles
  A two-headed ogre (D:11)
  A fire crab (Lair:4)
  A skeletal warrior (D:12)
  A bog body (Lair:3)
  Pikel (D:5)
  A necromancer (D:10)
  3 manticores
  An ugly thing (D:11)
  A cyclops (D:11)
  19 elephants
  5 black mambas
  Joseph (D:7)
  A torpor snail (Lair:3)
  2 unseen horrors
  Maggie (D:7)
  5 cane toads
  5 rime drakes (Lair:3)
  4 komodo dragons
  3 polar bears
  A troll (D:10)
  8 slime creatures
  9 blink frogs
  A shadow (D:11)
  9 wyverns
  A wraith (D:11)
  2 vampires
  5 basilisks
  34 yaks
  4 steam dragons
  6 vampire mosquitoes
  A naga (Lair:3)
  6 water moccasins
  3 acid dragons
  An orc warrior (D:11)
  6 ice beasts
  A black bear (Lair:5)
  14 wolves
  5 centaurs
  A phantom (D:5)
  A lemure (D:5)
  9 bullfrogs
  2 necrophages
  A scorpion (D:5)
  9 wights
  13 killer bees
  2 electric eels (Lair:4)
  5 howler monkeys
  4 hounds
  An orc priest (D:9)
  4 jellies
  A gnoll bouda (D:8)
  3 iguanas
  8 orc wizards
  9 hell rats (Lair:3)
  17 gnolls
  7 adders
  2 river rats (D:5)
  2 shadow imps
  2 white imps
  3 worms (D:2)
  11 orcs
  14 ball pythons
  3 bats
  4 endoplasms
  3 giant cockroaches
  7 goblins
  4 hobgoblins
  5 jackals
  4 kobolds
  5 quokkas
  5 frilled lizards
  6 rats
  A bush (Lair:5)
  2 butterflies (D:7)
361 creatures vanquished.

Vanquished Creatures (collateral kills)
  A hydra (Lair:3)
  An elephant (Lair:3)
  2 rime drakes (Lair:3)
  A wyvern (Lair:3)
  3 yaks
  A water moccasin (Lair:3)
  2 nagas (Lair:3)
  An orc priest (D:11)
  An orc wizard (D:11)
  An orc (D:11)
  7 foxfires
21 creatures vanquished.

Vanquished Creatures (others)
  2 yaks (D:9)
  555 foxfires
  23 fungi
  24 plants
604 creatures vanquished.

Grand Total: 986 creatures vanquished

Notes
Turn   | Place    | Note
-------+----------+-------------------------------------------
     0 | D:1      | tkbsonic5 the Djinni Fire Elementalist began the quest for
                  | the Orb.
     0 | D:1      | tkbsonic5 set off with the following spells memorised:
                  | Foxfire, Scorch, Conjure Flame, Inner Flame, Flame Wave.
     0 | D:1      | Reached XP level 1. HP: 15/15 MP: 0/0
   154 | D:1      | Reached XP level 2. HP: 18/22 MP: 0/0
   582 | D:1      | Reached XP level 3. HP: 24/26 MP: 0/0
   582 | D:1      | Learned a level 1 spell: Apportation
   641 | D:1      | Reached skill level 1 in Fighting
   915 | D:2      | Reached XP level 4. HP: 30/32 MP: 0/0
  1194 | D:2      | Reached skill level 3 in Dodging
  1714 | D:2      | Reached XP level 5. HP: 31/38 MP: 0/0
  1714 | D:2      | Learned a level 2 spell: Searing Ray
  3632 | D:4      | Reached skill level 4 in Dodging
  3632 | D:4      | Reached XP level 6. HP: 31/44 MP: 0/0
  3831 | D:4      | Found Kietakk's Magic Scroll Boutique.
  3836 | D:4      | Bought a scroll of teleportation for 42 gold pieces
  3836 | D:4      | Bought a scroll of enchant armour for 105 gold pieces
  3836 | D:4      | Bought a scroll of identify for 28 gold pieces
  3836 | D:4      | Bought a scroll of identify for 28 gold pieces
  3874 | D:5      | Entered Level 5 of the Dungeon
  4048 | D:5      | Reached XP level 7. HP: 45/49 MP: 0/0
  4048 | D:5      | Learned a level 2 spell: Passwall
  4075 | D:5      | Reached skill level 5 in Dodging
  4868 | D:5      | Noticed Pikel
  4907 | D:5      | Killed Pikel
  4908 | D:5      | Reached skill level 6 in Dodging
  4908 | D:5      | Reached skill level 5 in Spellcasting
  4908 | D:5      | Reached XP level 8. HP: 5/58 MP: 0/0
  5625 | D:5      | Reached skill level 7 in Dodging
  6026 | D:6      | Reached XP level 9. HP: 57/63 MP: 0/0
  6026 | D:6      | Learned a level 3 spell: Ignite Poison
  6229 | D:6      | Gained mutation: Your flesh is almost immune to the effects
                  | of heat. (rF+++) [potion of mutation]
  6229 | D:6      | Lost mutation: Your flesh is almost immune to the effects
                  | of heat. (rF+++) [potion of mutation]
  6230 | D:6      | Gained mutation: You are agile. (Dex +4, Str/Int -1)
                  | [potion of mutation]
  6230 | D:6      | Gained mutation: Your spells are a little harder to cast,
                  | but a little more powerful. [potion of mutation]
  6279 | D:6      | Found a large runed translucent door.
  6290 | D:6      | Found a large runed translucent door.
  6642 | D:6      | Found a snail-covered altar of Cheibriados.
  6730 | D:6      | Found a burning altar of Makhleb.
  6733 | D:6      | Became a worshipper of Makhleb the Destroyer
  6818 | D:7      | Noticed Joseph
  6832 | D:7      | Killed Joseph
  6833 | D:7      | Reached skill level 5 in Fighting
  6833 | D:7      | Reached skill level 8 in Dodging
  7295 | D:7      | Found Nuim's Antique Armour Shoppe.
  7303 | D:7      | Bought a runed robe for 103 gold pieces
  7429 | D:7      | Reached skill level 1 in Invocations
  7575 | D:7      | Reached XP level 10. HP: 68/71 MP: 0/0
  7594 | D:7      | Noticed Maggie
  7602 | D:7      | Killed Maggie
  7603 | D:7      | Reached skill level 9 in Dodging
  7603 | D:7      | Reached skill level 1 in Evocations
  7667 | D:7      | Found a staircase to the Ecumenical Temple.
  8846 | D:8      | Found Tudido's General Store.
  8855 | D:8      | Bought a potion of heal wounds for 75 gold pieces
  9200 | D:9      | Reached * piety under Makhleb
  9439 | D:8      | Upgraded the game from 0.30-a0-4-ga7cffc901d to
                  | 0.30-a0-377-g5cb311bc9f
 10056 | D:9      | Reached skill level 1 in Ranged Weapons
 10214 | D:10     | Entered Level 10 of the Dungeon
 10269 | D:10     | Noticed Sonja
 10270 | D:10     | Sonja changed into Sonja the jelly
 10270 | D:10     | Noticed Sonja
 10270 | D:10     | Noticed a necromancer
 10274 | D:10     | Killed Sonja the jelly
 10278 | D:10     | Killed a necromancer
 10279 | D:10     | Reached XP level 11. HP: 66/78 MP: 0/0
 10279 | D:10     | Learned a level 4 spell: Sticky Flame
 10409 | D:10     | Reached ** piety under Makhleb
 10410 | D:10     | Reached skill level 5 in Invocations
 11395 | D:11     | Noticed a cyclops
 11410 | D:11     | Killed a cyclops
 11411 | D:11     | Reached skill level 10 in Dodging
 11452 | D:11     | Found a staircase to the Orcish Mines.
 11579 | D:11     | Noticed a manticore
 11584 | D:11     | Killed a manticore
 11850 | D:11     | Noticed a two-headed ogre
 11862 | D:11     | Killed a two-headed ogre
 12178 | D:11     | Found a staircase to the Lair.
 12215 | D:11     | Reached skill level 1 in Armour
 12255 | D:11     | Found a snail-covered altar of Cheibriados.
 12264 | D:11     | Noticed a white ugly thing
 12273 | D:11     | Killed a white ugly thing
 12274 | D:11     | Reached XP level 12. HP: 15/85 MP: 0/0
 12805 | Lair:1   | Entered Level 1 of the Lair of Beasts
 13278 | Lair:1   | Noticed Erica
 13284 | Lair:1   | Killed Erica
 13284 | Lair:1   | Reached *** piety under Makhleb
 13450 | Lair:1   | Reached skill level 5 in Evocations
 13972 | Lair:2   | Reached skill level 1 in Long Blades
 14291 | Lair:2   | Reached skill level 1 in Throwing
 14884 | Lair:3   | Noticed an eight-headed hydra
 14891 | Lair:3   | Killed an eight-headed hydra
 14945 | Lair:3   | Noticed a catoblepas
 14959 | Lair:3   | Killed a catoblepas
 15007 | Lair:3   | Found a staircase to the Snake Pit.
 15019 | Lair:3   | Reached XP level 13. HP: 87/93 MP: 0/0
 15019 | Lair:3   | Learned a level 5 spell: Fireball
 15219 | Lair:3   | Reached skill level 11 in Dodging
 15219 | Lair:3   | Noticed a four-headed hydra
 15561 | Lair:3   | Killed a four-headed hydra
 16121 | Lair:4   | Reached **** piety under Makhleb
 16779 | Lair:4   | Noticed a four-headed hydra
 16791 | Lair:4   | Killed a four-headed hydra
 16792 | Lair:4   | Reached XP level 14. HP: 102/102 MP: 0/0
 17038 | Lair:4   | Found a viscous altar of Jiyva.
 17314 | Lair:4   | Found a staircase to the Slime Pits.
 17578 | Lair:4   | Reached skill level 10 in Fighting
 17779 | Lair:4   | You are sucked into a shaft and drop 1 floor!
 17779 | Lair:5   | Entered Level 5 of the Lair of Beasts
 18335 | Lair:5   | Reached skill level 10 in Spellcasting
 18865 | D:12     | Reached ***** piety under Makhleb
 19060 | D:12     | Reached skill level 12 in Dodging
 19168 | D:12     | Reached skill level 5 in Armour
 19204 | D:12     | Slain by a skeletal warrior

Illustrated notes

Levels and vault maps discovered:
D:1:      dpeg_arrival_arbitrary_a, layout_rooms, nrook_loot_triangle,
          corexii_corridor_pit
D:2:      layout_basic, kennysheep_generic_room_5
D:3:      layout_rooms, item_on_display_a
D:4:      layout_basic, serial_shops, nicolae_shop_trees
D:5:      layout_loops_ring, portal_sewer_entry_b, uniq_pikel
D:6:      layout_rooms, jmf_multi_god_temple2, chequers_mini_garden
D:7:      layout_loops_corners, minmay_temple_entry_butterflies, serial_shops,
          nicolae_shop_stone, minmay_misc_feat_room, kennysheep_generic_room_15,
          uniq_maggie, uniq_joseph
D:8:      layout_rooms, serial_shops, shop
D:9:      layout_roguey
D:10:     layout_rooms, minmay_librarian, uniq_sonja
D:11:     layout_grid_maze, lair_entry_dummy, david_orc_3, cheibriados_altar_2
D:12:     layout_basic, uniq_lodul
Lair:1:   layout_hall_layers, infiniplex_staircase_pool_2, grunt_megastairs_3,
          uniq_erica
Lair:2:   layout_long_grid, grunt_forest_small_clearings
Lair:3:   layout_long_grid, nicolae_swamp_entry_splash_gauntlet,
          minmay_snake_entry_guardpost_medium, portal_ice_cave_rime,
          basic_altar, special_room [special_room_mythical_zoo],
          lemuel_fruit_tree, infiniplex_staircase_pool
Lair:4:   layout_cave_pods, slime_entry_1, serial_bayou_shore_a
Lair:5:   grunt_lair_end_beastmaster, layout_misc_corridors

Skill      XL: |  1  2  3  4  5  6  7  8  9 10 11 12 13 14 |
---------------+-------------------------------------------+-----
Fighting       | 1 2 3 4 5 6 7 8 9 10 | 10.4
Spellcasting   | 3 4 5 6 7 8 9 10 | 10.1
Dodging        | 3 4 6 7 8 9 10 11 12 | 12.0
Invocations    | 1 4 6 7 8 |  8.2
Evocations     | 3 4 5 6 |  6.6
Ranged Weapons | 1 2 3 4 |  4.2
Armour         | 1 3 4 5 |  5.0
Long Blades    | 2 4 |  4.6
Stealth        | 2 3 4 |  4.3
Throwing       | 1 2 3 |  3.0

Action                   |  1- 3 |  4- 6 |  7- 9 | 10-12 | 13-15 || total
-------------------------+-------+-------+-------+-------+-------++-------
Melee: Dagger            |       |    17 |       |       |       ||    17
       Unarmed           |       |     1 |       |       |       ||     1
       Halberd           |       |     1 |    22 |     6 |       ||    29
       Quarterstaff      |       |       |       |     5 |       ||     5
       Scimitar          |       |       |       |    16 |    56 ||    72
       Hand axe          |       |       |       |       |     7 ||     7
       Punch             |       |       |       |       |     1 ||     1
 Fire: Shortbow          |       |       |       |    11 |     8 ||    19
Throw: Dart              |       |       |       |    22 |    18 ||    40
       Javelin           |       |       |       |     3 |     2 ||     5
       Throwing net      |       |       |       |     2 |     1 ||     3
 Cast: Foxfire           |    43 |    58 |    49 |   117 |    88 ||   355
       Scorch            |     4 |    39 |    53 |    67 |    39 ||   202
       Conjure Flame     |     1 |     6 |     6 |     1 |       ||    14
       Searing Ray       |       |     2 |     9 |     7 |     5 ||    23
       Flame Wave        |       |     1 |     6 |    51 |    12 ||    70
       Inner Flame       |       |     1 |     2 |       |     8 ||    11
       Sticky Flame      |       |       |       |    24 |    33 ||    57
       Ignite Poison     |       |       |       |     3 |     3 ||     6
       Fireball          |       |       |       |       |    71 ||    71
       Passwall          |       |       |       |       |     1 ||     1
Invok: Lesser Servant of |       |       |       |     2 |     7 ||     9
       Major Destruction |       |       |       |       |     2 ||     2
Evoke: Wand              |       |       |       |    43 |    15 ||    58
       Piece from Xom's  |       |       |       |     1 |     1 ||     2
  Use: Scroll            |     2 |     7 |     3 |    16 |    12 ||    40
       Potion            |       |     3 |     5 |     4 |    10 ||    22
Armor: Robe              |       |     6 |    18 |     6 |       ||    30
       Skin              |       |       |     1 |       |       ||     1
       Ring mail         |       |       |       |    54 |    78 ||   132
       Acid dragon scale |       |       |       |     1 |       ||     1
Dodge: Dodged            |       |    35 |    49 |   131 |   140 ||   355

Table legend: (Time is in decaauts)
 A = Elapsed time spent in this place.
 B = Non-inter-level travel time spent in this place.
 C = Inter-level travel time spent in this place.
 D = Time resting spent in this place.
 E = Time spent auto-exploring this place.
 F = Levels seen in this place.
 G = Mean time per level.
                   A        B        C        D        E       F      G
               +--------+--------+--------+--------+--------+-----+--------+
         Total |  19287 |  18914 |    373 |   5293 |  10025 |  17 | 1134.5 |
       Dungeon |  13226 |  13001 |    225 |   3328 |   7413 |  12 | 1102.2 |
          Lair |   6060 |   5912 |    148 |   1965 |   2612 |   5 | 1212.0 |
               +--------+--------+--------+--------+--------+-----+--------+

Top non-repeatable levels by time:
     D:5: 1862 daAuts
     D:7: 1772 daAuts
  Lair:2: 1593 daAuts
    D:11: 1553 daAuts
     D:2: 1520 daAuts
  Lair:3: 1518 daAuts
  Lair:4: 1237 daAuts
     D:4: 1123 daAuts
     D:8: 1003 daAuts
     D:3: 880 daAuts
  Lair:1: 880 daAuts
    D:10: 879 daAuts
     D:9: 847 daAuts
  Lair:5: 829 daAuts
     D:6: 764 daAuts
